 Dungeon Crawl Stone Soup version 0.31-a0-702-gf82c85558f (webtiles) character file.

Game seed: 2324540553292764030

15717 qw the Marksgargoyle (level 12, -2/78 HPs)
             Began as a Gargoyle Hunter on Sept 8, 2023.
             Was a Believer of Okawaru.
             Slain by a polar bear (4 damage)
             ... on level 1 of the Lair of Beasts.
             The game lasted 00:05:36 (11146 turns).

qw the Marksgargoyle (Gargoyle Hunter)             Turns: 11146, Time: 00:05:37

Health: -2/78      AC: 12    Str: 16    XL:     12   Next: 29%
Magic:  15/15      EV: 14    Int: 10    God:    Okawaru [**....]
Gold:   348        SH:  0    Dex: 17    Spells: 11/11 levels left

rFire   . . .        Y - +0 orcbow
rCold   . . .        (shield currently unavailable)
rNeg    + . .        q - +2 robe {Will+}
rPois   inf          (no helmet)
rElec   +            (no cloak)
rCorr   .            (no gloves)
SInv    +            (no boots)
Will    +....        (no amulet)
Stlth   ++           d - ring of see invisible
HPRegen 0.33/turn    (no ring)
MPRegen 0.14/turn

%: no passive effects
@: no status effects
A: sickness immunity, AC +8, negative energy resistance 1, electricity
resistance, torment resistance 1, petrification resistance
a: Renounce Religion, Heroism


You were on level 1 of the Lair of Beasts.
You worshipped Okawaru.
Okawaru was pleased with you.
You visited 2 branches of the dungeon, and saw 11 of its levels.
You also visited: Sewer.

You collected 550 gold pieces.
You spent 202 gold pieces at shops.


Innate Abilities, Weirdness & Mutations

You are immune to sickness and miasma.
Your stone body is resilient. (AC +8)
You are immune to poison.
You resist negative energy. (rN+)
You are resistant to electric shocks. (rElec)
You are resistant to unholy torment.
You are immune to petrification.


   Skills:
 + Level 10.4 Fighting
 - Level 16.0 Ranged Weapons
 - Level 2.1 Armour
 - Level 5.0 Dodging
 - Level 1.1 Stealth
 - Level 4.6 Invocations


You had 11 spell levels left.
You didn't know any spells.
Your spell library was empty.

Inventory:

Hand Weapons
 Y - a +0 orcbow (weapon)
Armour
 o - +0 steam dragon scales
 q - a +2 robe of willpower (worn)
Jewellery
 d - a ring of see invisible (left hand)
 i - a ring of see invisible
 s - a ring of fire
Scrolls
 l - a scroll of enchant armour
 p - a scroll of identify
Potions
 a - a potion of mutation
 b - 3 potions of curing
 e - a potion of enlightenment
 f - a potion of berserk rage {unknown}
 g - a potion of cancellation
 j - 7 potions of haste
 k - a potion of resistance
 m - a potion of magic {unknown}
 n - a potion of degeneration {unknown}

Dungeon Overview and Level Annotations

Branches:
Dungeon (10/15)            Temple (0/1) D:7            Lair (1/5) D:10
  Sewer (visited)
    Orc: D:9-12

Altars:
Ashenzari
Elyvilon
Makhleb
Nemelex Xobeh
Okawaru
Sif Muna
Vehumet
Xom
Yredelemnul
Zin

Shops:
D:3 =   D:6 =   D:10 (

Annotations:
D:3 3 runed translucent doors, qw's ghost, amateur GrHu


Message History

The hell rat is almost dead.
The hell rat bites you.
You shoot an arrow. The arrow hits the hell rat!!
You kill the hell rat!
Okawaru accepts your kill.
You shoot an arrow. The arrow hits the polar bear.
The polar bear is lightly wounded.
The polar bear barely misses you. The polar bear closely misses you.
The polar bear claws you but does no damage.
You shoot an arrow.
The arrow hits the polar bear but does no damage.
The polar bear is lightly wounded.
You shoot an arrow.
The arrow hits the polar bear but does no damage.
The polar bear is lightly wounded.
The polar bear closely misses you. The polar bear barely misses you.
The polar bear closely misses you.
You shoot an arrow. The arrow hits the polar bear!!
The polar bear is heavily wounded.
The polar bear closely misses you.
The polar bear claws you but does no damage.
The polar bear claws you.
You shoot an arrow. The arrow barely misses the polar bear.
The arrow hits the hell rat!
You kill the hell rat!
Okawaru accepts your kill. The polar bear bites you! The polar bear claws you.
The polar bear completely misses you.
You shoot an arrow.
The arrow hits the polar bear but does no damage.
The polar bear is heavily wounded.
You shoot an arrow.
The arrow closely misses the polar bear.
The polar bear closely misses you. The polar bear claws you.
The polar bear claws you but does no damage.
You shoot an arrow. The arrow hits the polar bear.
The polar bear is severely wounded.
You feel like a meek peon again. The polar bear bites you!
The polar bear claws you.
You die...

# ## ### ####
##P###.##.#######..########
.......................>...
....................#P#..##
#.....l..%.........###.###
#....#.##h####.....##...##
#...r.###@# #.....#....##
##...##.....##..##...#..##
#.%. #.....##.#......####
#.. #####.##.#..%.%..# #
#.h. ?##.......#.### ....
.. .#...7...... ....
...........#..
...#.#.....#.. ##.....##..


You could see a polar bear.

Vanquished Creatures
  2 two-headed ogres
  3 elephants (Lair:1)
  A gargoyle (D:10)
  Jeremiah (D:8)
  A cane toad (Lair:1)
  4 komodo dragons
  An unseen horror (D:10)
  A rime drake (D:10)
  4 polar bears (D:8)
  Grinder (Sewer)
  5 blink frogs
  Sigmund (D:5)
  19 yaks
  2 shadows
  A wyvern (Lair:1)
  A basilisk (Lair:1)
  2 steam dragons
  Edmund (D:6)
  2 acid dragons (D:10)
  3 water moccasins
  A sky beast (D:7)
  8 ice beasts
  3 orc warriors
  A black bear (D:5)
  3 wolves (D:10)
  A centaur (D:10)
  4 kobold brigands
  A phantom (D:7)
  5 bullfrogs (Lair:1)
  A scorpion (D:5)
  5 wights (D:8)
  14 killer bees
  3 howler monkeys
  An electric eel (D:8)
  4 crimson imps (D:9)
  A quasit (Sewer)
  A jelly (D:7)
  A sleepcap (D:6)
  5 hounds
  5 orc priests
  Ijyb (D:5)
  Natasha (thrice) (D:2)
  6 hell rats (Lair:1)
  6 iguanas
  10 orc wizards
  4 gnolls (D:3)
  7 adders
  4 shadow imps
  3 white imps (D:8)
  4 ufetubi
  3 worms
  2 dart slugs
  27 orcs
  7 ball pythons
  5 bats
  A bat zombie (Sewer)
  6 endoplasms
  7 giant cockroaches
  9 goblins
  7 hobgoblins
  8 jackals
  4 quokkas
  2 frilled lizards (D:3)
  37 kobolds
  A kobold zombie (Sewer)
  3 rats
301 creatures vanquished.

Notes
Turn   | Place    | Note
-------+----------+-------------------------------------------
     0 | D:1      | qw the Gargoyle Hunter began the quest for the Orb.
     0 | D:1      | Reached XP level 1. HP: 12/12 MP: 1/1
     0 | D:1      | 0 ||| qw: Version: 0.3-a-76-g4403597
     0 | D:1      | 0 ||| qw: Game counter: 1195
     0 | D:1      | 0 ||| qw: Melee chars always use a shield: true
     0 | D:1      | 0 ||| qw: God list: Okawaru
     0 | D:1      | 0 ||| qw: Allow faded altars: false
     0 | D:1      | 0 ||| qw: Do Orc after clearing Dungeon:15 true
     0 | D:1      | 0 ||| qw: Do second Lair branch before Depths: true
     0 | D:1      | 0 ||| qw: Lair rune preference: random
     0 | D:1      | 0 ||| qw: Goals: Normal
     0 | D:1      | 0 ||| PLANNING D:1-11
    54 | D:1      | Reached XP level 2. HP: 17/17 MP: 2/2
   350 | D:1      | Reached XP level 3. HP: 21/21 MP: 3/3
   601 | D:1      | 601 ||| READING scroll labelled ZAPHEH HECA.
   602 | D:1      | 602 ||| READING scroll labelled FUL WUOSSIACH.
   603 | D:1      | 603 ||| DRINKING 2 brown potions.
   604 | D:1      | 604 ||| DRINKING 2 fuming cyan potions.
   605 | D:1      | 605 ||| DROPPING scroll of butterflies.
   606 | D:1      | 606 ||| DROPPING potion of attraction.
   607 | D:1      | 607 ||| DROPPING potion of brilliance.
   645 | D:2      | Reached skill level 5 in Ranged Weapons
   994 | D:2      | Reached skill level 3 in Fighting
  1070 | D:2      | Reached XP level 4. HP: 28/28 MP: 4/4
  1215 | D:2      | Noticed Natasha
  1221 | D:2      | Killed Natasha
  1309 | D:2      | 1309 ||| UPGRADING to +0 ring mail.
  1315 | D:2      | Noticed Natasha
  1324 | D:2      | HP: 7/28 [Natasha (2)]
  1326 | D:2      | HP: 2/28 [Natasha/magic dart (3)]
  1327 | D:2      | Killed Natasha
  1328 | D:2      | Reached skill level 1 in Armour
  1429 | D:2      | 1429 ||| DROPPING +0 leather armour.
  1430 | D:2      | 1430 ||| UPGRADING to ring of see invisible.
  1431 | D:2      | 1431 ||| DROPPING ring of magical power.
  1432 | D:2      | 1432 ||| DROPPING +6 ring of intelligence.
  1433 | D:2      | 1433 ||| READING 2 scrolls labelled DIMMEN GOAGG.
  1434 | D:2      | 1434 ||| READING scroll labelled CAMOL EFAFAMM.
  1454 | D:2      | 1454 ||| DROPPING scroll of noise.
  1477 | D:2      | Noticed Natasha
  1487 | D:2      | Killed Natasha
  1488 | D:2      | Reached XP level 5. HP: 14/32 MP: 5/5
  1624 | D:3      | Found a runed translucent gate.
  1624 | D:3      | Found a runed translucent gate.
  1624 | D:3      | Found a runed translucent gate.
  1739 | D:3      | 1739 ||| Stepping ~*~*~tactically~*~*~ (outnumbered).
  1754 | D:3      | HP: 7/32 [gnoll/+0 spear (4)]
  1760 | D:3      | HP: 1/32 [gnoll/+0 spear (5)]
  1761 | D:3      | Reached skill level 6 in Ranged Weapons
  1975 | D:3      | 1975 ||| Stepping ~*~*~tactically~*~*~ (outnumbered).
  2039 | D:3      | Found Lanlirua's Jewellery Shop.
  2047 | D:3      | 2047 ||| SHOPLISTING +4 ring of protection (360 gold, have
                  | 192).
  2047 | D:3      | 2047 ||| SHOPLISTING +6 ring of strength (360 gold, have
                  | 192).
  2047 | D:3      | 2047 ||| SHOPLISTING amulet of reflection (300 gold, have
                  | 192).
  2047 | D:3      | 2047 ||| SHOPLISTING ring "Vups" {Fire rElec Will+ Dex+2
                  | Stlth-} (474 gold, have 192).
  2047 | D:3      | 2047 ||| SHOPLISTING ring of protection from fire (250
                  | gold, have 192).
  2047 | D:3      | 2047 ||| SHOPLISTING ring of resist corrosion (200 gold,
                  | have 192).
  2047 | D:3      | 2047 ||| BUYING ring of see invisible (150 gold).
  2047 | D:3      | Bought a ring of see invisible for 150 gold pieces
  2275 | D:3      | Reached XP level 6. HP: 38/38 MP: 6/6
  2471 | D:3      | Found a burning altar of Makhleb.
  2534 | D:3      | Noticed qw's ghost (amateur GrHu)
  2581 | D:3      | 2581 ||| DROPPING scarf of harm.
  2582 | D:3      | 2582 ||| READING scroll labelled XIREZX YMIZIZ.
  2615 | D:4      | 2615 ||| PLANNING SEWER
  2794 | D:4      | Found a sparkling altar of Nemelex Xobeh.
  2977 | D:4      | Reached skill level 7 in Ranged Weapons
  2988 | D:4      | Found a shimmering blue altar of Sif Muna.
  3004 | D:4      | Reached XP level 7. HP: 43/43 MP: 7/7
  3164 | D:4      | Found a glowing drain.
  3165 | D:4      | 3165 ||| READING scroll labelled FEIZXE MAH.
  3166 | D:4      | 3166 ||| DRINKING 3 murky red potions.
  3189 | Sewer    | Entered a sewer
  3239 | Sewer    | 3239 ||| Stepping ~*~*~tactically~*~*~ (water).
  3356 | Sewer    | Found a burning altar of Makhleb.
  3364 | Sewer    | Noticed Grinder
  3383 | Sewer    | Paralysed by Grinder for 5 turns
  3393 | Sewer    | HP: 10/43 [Grinder (7)]
  3399 | Sewer    | HP: 2/43 [Grinder (8)]
  3400 | Sewer    | Killed Grinder
  3401 | Sewer    | Reached skill level 8 in Ranged Weapons
  3581 | Sewer    | Reached XP level 8. HP: 48/48 MP: 8/8
  3675 | Sewer    | 3675 ||| READING scroll labelled JUYVU WOUCUN.
  3676 | Sewer    | 3676 ||| READING scroll labelled FIOCHA QUNYEST.
  3677 | Sewer    | 3677 ||| READING scroll labelled BIDGHE LAIQANG.
  3681 | Sewer    | 3681 ||| DRINKING 2 metallic coppery potions.
  3682 | Sewer    | 3682 ||| DRINKING 3 cyan potions.
  3695 | D:4      | 3695 ||| PLANNING D:1-11
  3844 | D:4      | Found a broken altar of Ashenzari.
  3864 | D:4      | Found a glowing silver altar of Zin.
  3892 | D:5      | Entered Level 5 of the Dungeon
  4047 | D:5      | Reached skill level 9 in Ranged Weapons
  4241 | D:5      | Noticed Sigmund
  4247 | D:5      | Killed Sigmund
  4248 | D:5      | Reached skill level 6 in Fighting
  4413 | D:5      | Noticed Ijyb
  4418 | D:5      | Killed Ijyb
  4602 | D:5      | Noticed a two-headed ogre
  4614 | D:5      | HP: 9/52 [two-headed ogre/+0 giant spiked club (22)]
  4615 | D:5      | 4615 ||| DRINKING 4 potions of heal wounds.
  4618 | D:5      | 4618 ||| DRINKING 3 potions of heal wounds.
  4621 | D:5      | HP: 13/52 [two-headed ogre/+0 giant spiked club (13)]
  4622 | D:5      | 4622 ||| DRINKING 2 potions of heal wounds.
  4627 | D:5      | Killed a two-headed ogre
  4628 | D:5      | Reached skill level 10 in Ranged Weapons
  4628 | D:5      | Reached XP level 9. HP: 27/56 MP: 9/9
  4732 | D:5      | 4732 ||| UPGRADING to +2 robe of willpower.
  4742 | D:5      | 4742 ||| DROPPING +0 ring mail.
  4743 | D:5      | 4743 ||| DROPPING ring of wizardry.
  4744 | D:5      | 4744 ||| READING scroll labelled COTIARIWERR.
  4745 | D:5      | 4745 ||| DRINKING 2 sedimented clear potions.
  4830 | D:6      | Found Hagiaw's Jewellery Emporium.
  4838 | D:6      | 4838 ||| SHOPLISTING +6 ring of dexterity (396 gold, have
                  | 124).
  4838 | D:6      | 4838 ||| SHOPLISTING ring "Lurat" {+Blink rN+ Dex+6} (596
                  | gold, have 124).
  4838 | D:6      | 4838 ||| SHOPLISTING ring of fire (275 gold, have 124).
  4856 | D:6      | Reached skill level 3 in Dodging
  4983 | D:6      | 4983 ||| READING scroll of enchant weapon.
  4983 | D:6      | 4983 ||| ENCHANTING +1 shortbow of draining.
  5048 | D:6      | Found an iron altar of Okawaru.
  5049 | D:6      | 5049 ||| PLANNING OKAWARU WORSHIP
  5063 | D:6      | 5063 ||| READING scroll of brand weapon.
  5063 | D:6      | 5063 ||| BRANDING +2 shortbow of draining.
  5132 | D:6      | Noticed Edmund
  5139 | D:6      | Killed Edmund
  5187 | D:6      | Found a basalt altar of Yredelemnul.
  5234 | D:6      | Became a worshipper of Warmaster Okawaru
  5235 | D:6      | 5235 ||| PLANNING D:1-11
  5434 | D:6      | Found a white marble altar of Elyvilon.
  5799 | D:7      | Reached skill level 11 in Ranged Weapons
  5856 | D:7      | Found a radiant altar of Vehumet.
  6456 | D:7      | Found a staircase to the Ecumenical Temple.
  6470 | D:7      | 6470 ||| READING scroll labelled PIELOX YJIMOO.
  6471 | D:7      | 6471 ||| READING scroll labelled IMOHAO RUELL.
  6472 | D:7      | 6472 ||| READING scroll labelled QIKHIL YCUCK.
  6473 | D:7      | 6473 ||| READING 2 scrolls of identify.
  6473 | D:7      | 6473 ||| IDENTIFYING golden potion
  6530 | D:8      | Noticed a polar bear
  6531 | D:8      | Noticed a polar bear
  6532 | D:8      | 6532 ||| RETREATING.
  6539 | D:8      | Killed a polar bear
  6539 | D:8      | Reached * piety under Okawaru
  6540 | D:8      | 6540 ||| INVOKING Heroism.
  6548 | D:8      | Killed a polar bear
  6549 | D:8      | Reached skill level 1 in Invocations
  6683 | D:8      | Reached XP level 10. HP: 64/64 MP: 11/11
  6698 | D:8      | Noticed Jeremiah
  6708 | D:8      | 6708 ||| FLEEEEING.
  6709 | D:8      | 6709 ||| FLEEEEING.
  6710 | D:8      | 6710 ||| FLEEEEING.
  6714 | D:8      | 6714 ||| STAIRDANCE
  6766 | D:8      | 6766 ||| INVOKING Heroism.
  6783 | D:8      | 6783 ||| INVOKING Heroism.
  6802 | D:8      | Killed Jeremiah
  6803 | D:8      | Reached skill level 12 in Ranged Weapons
  6879 | D:8      | 6879 ||| FLEEEEING.
  6880 | D:8      | 6880 ||| FLEEEEING.
  6881 | D:8      | 6881 ||| STAIRDANCE
  7018 | D:8      | Reached skill level 3 in Invocations
  7058 | D:8      | 7058 ||| FLEEEEING.
  7102 | D:8      | Noticed a two-headed ogre
  7103 | D:8      | 7103 ||| INVOKING Heroism.
  7110 | D:8      | Killed a two-headed ogre
  7144 | D:8      | 7144 ||| INVOKING Heroism.
  7145 | D:8      | 7145 ||| RETREATING.
  7169 | D:8      | Reached ** piety under Okawaru
  7197 | D:8      | 7197 ||| INVOKING Heroism.
  7220 | D:8      | 7220 ||| INVOKING Heroism.
  7355 | D:8      | 7355 ||| INVOKING Heroism.
  7364 | D:8      | 7364 ||| Stepping ~*~*~tactically~*~*~ (cloud).
  7615 | D:8      | 7615 ||| INVOKING Heroism.
  7900 | D:9      | 7900 ||| Stepping ~*~*~tactically~*~*~ (outnumbered).
  7911 | D:9      | Reached skill level 13 in Ranged Weapons
  7939 | D:9      | 7939 ||| INVOKING Heroism.
  7957 | D:9      | 7957 ||| Stepping ~*~*~tactically~*~*~ (retreating).
  7958 | D:9      | 7958 ||| Stepping ~*~*~tactically~*~*~ (retreating).
  7960 | D:9      | 7960 ||| Stepping ~*~*~tactically~*~*~ (retreating).
  7968 | D:9      | 7968 ||| RETREATING.
  7976 | D:9      | Reached skill level 9 in Fighting
  7976 | D:9      | Reached XP level 11. HP: 54/71 MP: 14/14
  7986 | D:9      | 7986 ||| INVOKING Heroism.
  8088 | D:9      | 8088 ||| INVOKING Heroism.
  8301 | D:9      | Found a shimmering altar of Xom.
  8642 | D:9      | 8642 ||| DROPPING ring of flight.
  8685 | D:10     | Entered Level 10 of the Dungeon
  8692 | D:10     | 8692 ||| INVOKING Heroism.
  8696 | D:10     | 8696 ||| STAIRDANCE
  8709 | D:10     | 8709 ||| STAIRDANCE
  8728 | D:10     | 8728 ||| INVOKING Heroism.
  8759 | D:10     | 8759 ||| RETREATING.
  8780 | D:10     | 8780 ||| INVOKING Heroism.
  8790 | D:10     | Reached skill level 14 in Ranged Weapons
  8889 | D:10     | Found a staircase to the Lair.
  8965 | D:10     | 8965 ||| INVOKING Heroism.
  8967 | D:10     | 8967 ||| Stepping ~*~*~tactically~*~*~ (outnumbered).
  8985 | D:10     | Found Oczyke Qoasi's Weapon Shop.
  9021 | D:10     | 9021 ||| BUYING +0 orcbow (52 gold).
  9021 | D:10     | Bought a +0 orcbow for 52 gold pieces
  9021 | D:10     | 9021 ||| SWAPPING to +0 orcbow.
  9022 | D:10     | 9022 ||| DROPPING +2 shortbow of electrocution.
  9209 | D:10     | 9209 ||| Stepping ~*~*~tactically~*~*~ (outnumbered).
  9794 | D:10     | 9794 ||| PLANNING LAIR
  9794 | D:10     | 9794 ||| READING scroll labelled RURGHY PEER.
  9795 | D:10     | 9795 ||| DRINKING 2 bubbling green potions.
  9827 | D:10     | 9827 ||| DRINKING 2 viscous yellow potions.
  9828 | D:10     | 9828 ||| READING 2 scrolls of identify.
  9828 | D:10     | 9828 ||| IDENTIFYING black potion
  9829 | D:10     | 9829 ||| DROPPING potion of lignification.
  9856 | Lair:1   | Entered Level 1 of the Lair of Beasts
  9857 | Lair:1   | 9857 ||| STAIRDANCE
  9859 | D:10     | 9859 ||| INVOKING Heroism.
  9947 | Lair:1   | 9947 ||| INVOKING Heroism.
  9949 | Lair:1   | 9949 ||| STAIRDANCE
  9992 | Lair:1   | 9992 ||| INVOKING Heroism.
 10048 | Lair:1   | 10048 ||| INVOKING Heroism.
 10052 | Lair:1   | 10052 ||| Stepping ~*~*~tactically~*~*~ (retreating).
 10053 | Lair:1   | 10053 ||| Stepping ~*~*~tactically~*~*~ (retreating).
 10054 | Lair:1   | 10054 ||| Stepping ~*~*~tactically~*~*~ (retreating).
 10055 | Lair:1   | 10055 ||| Stepping ~*~*~tactically~*~*~ (retreating).
 10056 | Lair:1   | 10056 ||| Stepping ~*~*~tactically~*~*~ (retreating).
 10057 | Lair:1   | 10057 ||| Stepping ~*~*~tactically~*~*~ (retreating).
 10061 | Lair:1   | 10061 ||| Stepping ~*~*~tactically~*~*~ (retreating).
 10078 | Lair:1   | 10078 ||| INVOKING Heroism.
 10083 | Lair:1   | HP: 14/72 [elephant (9)]
 10084 | Lair:1   | 10084 ||| DRINKING potion of heal wounds.
 10103 | Lair:1   | HP: 13/72 [komodo dragon (20)]
 10107 | Lair:1   | Reached skill level 15 in Ranged Weapons
 10315 | Lair:1   | 10315 ||| INVOKING Heroism.
 10316 | Lair:1   | 10316 ||| RETREATING.
 10325 | Lair:1   | 10325 ||| RETREATING.
 10327 | Lair:1   | 10327 ||| Stepping ~*~*~tactically~*~*~ (retreating).
 10328 | Lair:1   | 10328 ||| Stepping ~*~*~tactically~*~*~ (retreating).
 10329 | Lair:1   | 10329 ||| Stepping ~*~*~tactically~*~*~ (retreating).
 10330 | Lair:1   | 10330 ||| Stepping ~*~*~tactically~*~*~ (retreating).
 10342 | Lair:1   | 10342 ||| INVOKING Heroism.
 10346 | Lair:1   | Reached XP level 12. HP: 41/77 MP: 12/15
 10517 | Lair:1   | 10517 ||| RETREATING.
 10540 | Lair:1   | 10540 ||| INVOKING Heroism.
 10677 | Lair:1   | 10677 ||| FLEEEEING.
 10678 | Lair:1   | 10678 ||| FLEEEEING.
 10679 | Lair:1   | 10679 ||| FLEEEEING.
 10680 | Lair:1   | 10680 ||| FLEEEEING.
 10681 | Lair:1   | 10681 ||| FLEEEEING.
 10682 | Lair:1   | 10682 ||| STAIRDANCE
 10766 | Lair:1   | 10766 ||| RETREATING.
 10776 | Lair:1   | 10776 ||| Stepping ~*~*~tactically~*~*~ (retreating).
 10785 | Lair:1   | 10785 ||| INVOKING Heroism.
 10799 | Lair:1   | HP: 18/77 [yak (4)]
 10800 | Lair:1   | 10800 ||| DRINKING potion of heal wounds.
 10854 | Lair:1   | 10854 ||| INVOKING Heroism.
 10934 | Lair:1   | 10934 ||| INVOKING Heroism.
 10984 | Lair:1   | 10984 ||| INVOKING Heroism.
 10990 | Lair:1   | Reached skill level 16 in Ranged Weapons
 11062 | Lair:1   | 11062 ||| INVOKING Heroism.
 11110 | Lair:1   | 11110 ||| RETREATING.
 11114 | Lair:1   | 11114 ||| Stepping ~*~*~tactically~*~*~ (retreating).
 11115 | Lair:1   | 11115 ||| Stepping ~*~*~tactically~*~*~ (retreating).
 11116 | Lair:1   | 11116 ||| Stepping ~*~*~tactically~*~*~ (retreating).
 11117 | Lair:1   | 11117 ||| Stepping ~*~*~tactically~*~*~ (retreating).
 11120 | Lair:1   | 11120 ||| INVOKING Heroism.
 11143 | Lair:1   | HP: 19/78 [polar bear (10)]
 11146 | Lair:1   | HP: 2/78 [polar bear (14)]
 11146 | Lair:1   | Slain by a polar bear

Levels and vault maps discovered:
D:1:      matt_arrival_los_fun, layout_basic, serial_corexii_hall,
          chequers_hall_statues_y, chequers_hall_statues_corner_a,
          chequers_hall_statues_wall_a, chequers_hall_statues_y, minmay_domino_4
D:2:      layout_basic, uniq_natasha
D:3:      minmay_angry_zag, layout_basic, lightli_temple_of_fire,
          gammafunk_ghost_icy, serial_rivers, chequers_serial_rivers_small_3,
          chequers_serial_rivers_micro_d, chequers_serial_rivers_room_b,
          chequers_serial_rivers_marsh, chequers_serial_rivers_small_3,
          chequers_serial_rivers_small_3, serial_shops,
          nicolae_shop_gaudy_bauble
D:4:      layout_loops_ring, mainiacjoe_overflow_alcove_4,
          nemelex_spade_bored_becter, lemuel_doored_altar, led_sif_book,
          gup_sewer_entry_pipe
D:5:      layout_basic, serial_curves, eino_curves_01, eino_curves_02,
          uniq_sigmund, uniq_ijyb
D:6:      layout_loops_ring, old_standard_altar, lemuel_round_altar,
          mainiacjoe_overflow_concentric_impassable, serial_shops, shop,
          uniq_edmund
D:7:      layout_basic, nicolae_vehumet_altar_sigil, lemuel_temple_firewalk_a
D:8:      layout_basic, serial_ice, serial_ice_d, serial_ice_h, serial_ice_n,
          serial_ice_l, serial_ice_a, uniq_jeremiah
D:9:      layout_gridville, led_xom_imps
D:10:     layout_stronghold, hellmonk_lair_entry_icy, serial_shops, shop
Lair:1:   layout_regular_city, grunt_megastairs_1, uniq_urug

Skill      XL: |  1  2  3  4  5  6  7  8  9 10 11 12 |
---------------+-------------------------------------+-----
Ranged Weapons | 5 6 7 8 10 11 13 15 16 | 16.0
Fighting       | 3 4 6 8 9 10 | 10.4
Armour         | 1 2 |  2.1
Dodging        | 2 3 4 5 |  5.0
Invocations    | 2 4 |  4.6
Stealth        | |  1.1

Action                     |  1- 3 |  4- 6 |  7- 9 | 10-12 || total
---------------------------+-------+-------+-------+-------++-------
   Fire: Shortbow          |    91 |   173 |   389 |   336 ||   989
         Orcbow            |       |       |       |   359 ||   359
 Invoke: Heroism           |       |       |     1 |    29 ||    30
    Use: Scroll            |     2 |     3 |    11 |     2 ||    18
         Potion            |     2 |       |     7 |     4 ||    13
 Armour: Leather armour    |    25 |     2 |       |       ||    27
         Ring mail         |       |    86 |    86 |       ||   172
         Skin              |       |     1 |       |       ||     1
         Robe              |       |       |    27 |   203 ||   230
  Dodge: Dodged            |    33 |    78 |   120 |   223 ||   454

Table legend:
 A = Non-vault XP
 B = Vault XP
 C = Vault XP percentage of total XP
 D = Non-vault monster count
 E = Vault monster count
 F = Vault count percentage of total count
                 A         B        C        D         E       F
            +---------+---------+-------+---------+---------+-------
      Total |   15337 |    7116 |  31.7 |     215 |      86 |  28.6
            +---------+---------+-------+---------+---------+-------
        D:1 |      30 |       7 |  18.9 |      18 |       4 |  18.2
        D:2 |     124 |      36 |  22.5 |      18 |       1 |   5.3
        D:3 |      89 |      40 |  31.0 |      16 |       7 |  30.4
        D:4 |     247 |      80 |  24.5 |      21 |       7 |  25.0
        D:5 |    1382 |     262 |  15.9 |      15 |       2 |  11.8
        D:6 |     226 |     162 |  41.8 |       7 |       1 |  12.5
        D:7 |     692 |       0 |   0.0 |      17 |       0 |   0.0
        D:8 |    2116 |    2273 |  51.8 |      26 |      12 |  31.6
        D:9 |    2035 |     200 |   8.9 |      26 |       4 |  13.3
       D:10 |    3377 |    1378 |  29.0 |      26 |       9 |  25.7
     Lair:1 |    5019 |    2058 |  29.1 |      25 |       9 |  26.5
      Sewer |       0 |     620 | 100.0 |       0 |      30 | 100.0
            +---------+---------+-------+---------+---------+-------
